 Dungeon Crawl Stone Soup version 0.29.1-15-g9cfb28693d (webtiles) character file.

Game seed: 11495970634272553629

596 protoss039 the Digger (level 7, 52/52 HPs)
             Began as a Demonspawn Earth Elementalist on Mar 19, 2023.
             Was an Initiate of Vehumet.
             Got out of the dungeon alive.
             The game lasted 00:06:29 (4421 turns).

protoss039 the Digger (DsEE)                        Turns: 4421, Time: 00:06:30

Health: 52/52      AC:  6    Str:  8    XL:     7   Next: 17%
Magic:  12/12      EV: 10    Int: 19    God:    Vehumet [......]
Gold:   228        SH:  0    Dex: 13    Spells: 7/13 levels left

rFire   . . .      SeeInvis .   m - +0 dagger
rCold   + . .      Faith    .   (no shield)
rNeg    . . .      Spirit   .   c - +0 ring mail
rPois   .          Reflect  .   (no helmet)
rElec   .          Harm     .   (no cloak)
rCorr   .          Rampage  .   t - +0 pair of gloves
Will    +....                   (no boots)
Stlth   +.........              a - amulet of regeneration
HPRegen 0.97/turn               k - ring of willpower
MPRegen 0.13/turn               s - ring of protection from cold

@: no status effects
A: hooves 2, ignite blood 1, demonic magic 1
a: Renounce Religion


You escaped.
You worshipped Vehumet.
Vehumet was noncommittal.
You visited 2 branches of the dungeon, and saw 6 of its levels.

You collected 228 gold pieces.

Inventory:

Hand Weapons
 e - a +0 spear
 m - a +0 dagger (weapon)
Armour
 c - a +0 ring mail (worn)
 f - an orb of light
 t - a +0 pair of gloves (worn)
Jewellery
 a - an amulet of regeneration (around neck)
 k - a ring of willpower (left hand)
 s - a ring of protection from cold (right hand)
Wands
 o - a wand of quicksilver (7)
Scrolls
 g - 2 scrolls of identify
 h - a scroll of torment {unknown}
 i - a scroll of butterflies {unknown}
 j - a scroll of brand weapon {unknown}
 p - 3 scrolls of teleportation
Potions
 b - a potion of magic
 d - 3 potions of curing
 l - a potion of degeneration {unknown}
 n - a potion of haste
 q - 2 potions of heal wounds
 r - a potion of mutation {unknown}


   Skills:
 + Level 3.2 Fighting
 * Level 3.3 Armour
 - Level 1.7 Dodging
 - Level 1.7 Stealth
 + Level 3.6 Spellcasting
 + Level 2.4 Conjurations
 - Level 0.8 Transmutations
 + Level 4.1 Earth Magic


You had 7 spell levels left.
You knew the following spells:

 Your Spells              Type           Power      Damage    Failure   Level
a - Sandblast             Erth           38%        2d10      8%          1
b - Passwall              Tmut/Erth      10%        N/A       22%         2
c - Stone Arrow           Conj/Erth      30%        3d8       32%         3

Your spell library contained the following spells:

 Spells                   Type           Power      Damage    Failure   Level
 Petrify                  Tmut/Erth      12%        N/A       83%         4


Dungeon Overview and Level Annotations

Branches:
Dungeon (5/15) Zot: 25642  Temple (1/1) D:4 Zot: 5871

Altars:
Ashenzari
Cheibriados
Dithmenos
Fedhas
Gozag
Hepliaklqana
Kikubaaqudgha
Nemelex Xobeh
Sif Muna
Trog
Vehumet
Xom
Yredelemnul


Innate Abilities, Weirdness & Mutations

You have hoof-like feet.
Your demonic aura sometimes causes spilled blood to erupt in flames.
Spells you cast may paralyse adjacent enemies.


Message History

The adder is severely wounded.
Malevolent energies surge around you. The adder bites you but does no damage.
The adder barely misses you.
You hit the adder. Your kick misses the adder.
The adder is almost dead.
The adder bites you but does no damage.
Casting: Sandblast (safe; 8% risk of failure)
Confirm with . or Enter, or press ? or * to list all spells.
Aiming: Sandblast (safe; 8% risk of failure)
Press: ? - help, Shift-Dir - straight line, f/p - adder
Aim: an adder (almost dead, 70% to hit)
The blast of sand hits the adder!
You kill the adder!
Vehumet accepts your kill. Malevolent energies surge around you.
You see here an adder corpse.
There is a stone staircase leading up here.
You climb upwards.
There is a stone staircase leading down here.
(D) Dungeon (T) Temple
Where to? (Enter - D:4 @ (x,y), ? - help)
What level of the Dungeon? (default 1, ? - help)
There is a stone staircase leading down here.
There is a stone staircase leading up here.
You climb upwards.
There is a stone staircase leading down here.
You see here 4 stones.
Magic restored.
There is a stone staircase leading up here.
You climb upwards.
There is a stone staircase leading down here.
There is a stone staircase leading up here.
You climb upwards.
There is a stone staircase leading down here.
You see here a +0 club.
There is an open door here.
There is an open door here.
There is a staircase leading out of the dungeon here.
Are you sure you want to leave the Dungeon?
This will make you lose the game!
You have escaped!

......##................#
########..###'#.###+#+#.###
####..# #.'.....'.#...#
#.....###.#######.###.##
#########.#.'....#....'...>#
..........#.#.#######.#.##.#
.##########.#.'.....#.#)##.#
............###.....#+#.##.#
###########...#.@>..#.'.##.######
#.#'#.....###.#........ ####
#.#.#.....#.#.#..#####.
...########.#.#####'#.#.#..# #.
............+....#....'.#..# #.
####.########.#######.#.#..# #.
..##..# #.'.....'.#.#..## #.
#.###.# ##+#'###.#+#.....# #. #.#
#.# #..........#.....####.


There were no monsters in sight!

Vanquished Creatures
  A water moccasin (D:5)
  An ice beast (D:4)
  2 black bears (D:5)
  A crimson imp (D:3)
  An iguana (D:4)
  5 adders
  A white imp (D:5)
  2 worms (D:2)
  2 dart slugs
  2 orcs
  5 bats
  7 endoplasms
  3 giant cockroaches
  3 goblins
  8 hobgoblins
  13 jackals
  9 kobolds
  A quokka (D:2)
  9 ball pythons
  5 frilled lizards
  A goblin zombie (D:3)
  2 hobgoblin zombies (D:3)
  2 kobold skeletons (D:3)
  3 orc skeletons (D:3)
  3 orc zombies (D:3)
  6 rats
98 creatures vanquished.

Vanquished Creatures (others)
  3 plants (D:2)
3 creatures vanquished.

Grand Total: 101 creatures vanquished

Notes
Turn   | Place    | Note
-------+----------+-------------------------------------------
     0 | D:1      | protoss039 the Demonspawn Earth Elementalist began the
                  | quest for the Orb.
     0 | D:1      | Reached XP level 1. HP: 13/13 MP: 3/3
   152 | D:1      | Gained mutation: You have large cloven feet. [demonic
                  | ancestry]
   152 | D:1      | Reached XP level 2. HP: 16/20 MP: 1/5
   451 | D:1      | Reached skill level 1 in Fighting
   631 | D:1      | Reached skill level 3 in Earth Magic
   981 | D:1      | Reached XP level 3. HP: 26/26 MP: 3/6
  2042 | D:2      | Learned a level 2 spell: Passwall
  2664 | D:3      | Learned a level 3 spell: Stone Arrow
  2712 | D:3      | Gained mutation: Spells you cast may paralyse adjacent
                  | enemies. [demonic ancestry]
  2712 | D:3      | Reached XP level 4. HP: 32/33 MP: 6/8
  2917 | D:3      | Reached skill level 1 in Armour
  3027 | D:3      | Gained mutation: You have hoof-like feet. [demonic
                  | ancestry]
  3027 | D:3      | Reached XP level 5. HP: 38/38 MP: 7/9
  3074 | D:3      | Reached skill level 1 in Conjurations
  3379 | D:4      | Found a staircase to the Ecumenical Temple.
  3403 | Temple   | Entered the Ecumenical Temple
  3523 | Temple   | Became a worshipper of Vehumet
  3638 | D:4      | Noticed an ice beast
  3649 | D:4      | Killed an ice beast
  3734 | D:4      | Reached XP level 6. HP: 39/46 MP: 7/10
  4220 | D:5      | Entered Level 5 of the Dungeon
  4259 | D:5      | Noticed a water moccasin
  4266 | D:5      | Killed a water moccasin
  4319 | D:5      | Reached skill level 4 in Earth Magic
  4326 | D:5      | Gained mutation: Your demonic aura sometimes causes spilled
                  | blood to erupt in flames. [demonic ancestry]
  4326 | D:5      | Reached XP level 7. HP: 51/52 MP: 7/12
  4421 | D:$      | Got out of the dungeon alive.

Illustrated notes

Levels and vault maps discovered:
D:1:      shiori_arrival_maze, layout_basic
D:2:      minmay_wonky_spiral, layout_loops_corners, serial_forest,
          infiniplex_forest_end_1, infiniplex_forest_corner_1,
          infiniplex_forest_lined_3_way, infiniplex_forest_corner_1,
          infiniplex_forest_zigzag_1, infiniplex_forest_end_3,
          infiniplex_forest_pool, infiniplex_forest_diagonal,
          infiniplex_forest_clump_diagonal, kennysheep_cross_bottleneck,
          minmay_heptomino_l4
D:3:      layout_rooms, nicolae_tso_besieged_by_evil
D:4:      layout_layer_cave, minmay_temple_entry_drinking_statues
D:5:      layout_loops_ring, serial_shops, kennysheep_little_box,
          dreamdust_princess_corridor
Temple:   nicolae_temple_two_arcs

Skill      XL: |  1  2  3  4  5  6 |
---------------+-------------------+-----
Fighting       | 1 2 3 |  3.2
Earth Magic    | 3 4 |  4.1
Armour         | 1 2 3 |  3.3
Conjurations   | 1 2 |  2.4
Spellcasting   | 3 |  3.6
Dodging        | |  1.7
Stealth        | |  1.7
Transmutations | |  0.8

Action                   |  1- 3 |  4- 6 |  7- 9 || total
-------------------------+-------+-------+-------++-------
Melee: Club              |    13 |       |       ||    13
       Punch             |     1 |     2 |       ||     3
       Spear             |    80 |       |       ||    80
       Kick              |    16 |    20 |       ||    36
       Dagger            |       |    53 |     1 ||    54
 Cast: Sandblast         |    43 |    60 |     3 ||   106
  Use: Scroll            |       |     4 |       ||     4
 Stab: Sleeping          |     6 |       |       ||     6
       Paralysed         |       |    23 |       ||    23
Armor: Ring mail         |    25 |    38 |     3 ||    66
       Robe              |     5 |       |       ||     5
Dodge: Dodged            |    59 |    45 |     2 ||   106
